Capitals vs Panthers

Created - November-25-14 at 18:17

Goals
1 2 3 T
Capitals 0 3 2 5
Panthers 1 1 1 3
Shots
1 2 3 T
Capitals 5 14 8 27
Panthers 16 12 8 36

1st period

1. Panthers , Hampus Lindholm 4 (Matt Niskanen, David Backes) at 18:22 (PP)

Penalties :
Ryan McDonagh (WSH) for Tripping (Minor) at 8:19, Jay Harrison (WSH) for Hooking (Minor) at 10:39, Mike Green (WSH) for Roughing (Minor) at 12:05, Hampus Lindholm (FLA) for Roughing (Minor) at 14:11, Ryan McDonagh (WSH) for Hooking (Minor) at 16:30, Nate Guenin (WSH) for Interference (Minor) at 19:20

2nd period

2. Panthers , Shane Doan 4 (Patric Hornqvist, T.J. Brodie) at 0:32 (PP)
3. Capitals , Alexander Semin 7 (Alexander Ovechkin, Nate Guenin) at 11:44
4. Capitals , Taylor Hall 15 (Matt Stajan) at 14:19 (PP)
5. Capitals , Ryan McDonagh 7 (Mike Green, Taylor Hall) at 16:36

Penalties :
David Backes (FLA) for Hooking (Minor) at 4:51, Shane Doan (FLA) for Roughing (Minor) at 7:17, Shane Doan (FLA) for Roughing (Minor) at 12:21, T.J. Brodie (FLA) for Fighting (Major) at 17:45, Nate Guenin (WSH) for Fighting (Major) at 17:45, David Backes (FLA) for Hooking (Minor) at 18:06

3rd period

6. Capitals , Alexander Ovechkin 14 (Ryan McDonagh, Jimmy Howard) at 12:40 (PP)
7. Panthers , Hampus Lindholm 5 (David Backes, Henrik Zetterberg) at 16:43 (PP)
8. Capitals , Alexander Semin 8 (Corey Potter, David Desharnais) at 19:57

Penalties :
Matt Niskanen (FLA) for Hooking (Minor) at 12:30, Mike Green (WSH) for Hooking (Minor) at 16:32, Matt Niskanen (FLA) for Tripping (Minor) at 17:44

Goalie Stats

Jimmy Howard (WSH), 33 saves from 36 shots - (0.917), W, 5-8-1, 60:00 minutes
Ben Bishop (FLA), 22 saves from 27 shots - (0.815), L, 12-8-1, 60:00 minutes

Players Stats for Capitals

Player Name              G  A  P  +/- PIM S  H  SB GA TA FO     MP     PP MP  PK MP  
------------------------------------------------------------------------------------
Alexander Ovechkin       1  1  2   2  0   7  1  0  0  0  2/3    23:01   6:05   0:06 
Alexander Semin          2  0  2   2  0   4  0  0  0  0  0/1    21:42   6:05   2:28 
Cody Eakin               0  0  0   0  0   0  1  0  0  0  0/0     8:46   0:00   0:00 
Corey Potter             0  1  1   1  0   0  1  0  0  0  0/0     4:22   0:00   1:05 
Daniel Briere            0  0  0   0  0   0  0  0  0  0  2/5     3:51   0:00   0:10 
David Desharnais         0  1  1   2  0   0  1  0  0  0  16/30  19:14   6:05   0:00 
Dmitri Orlov             0  0  0   1  0   0  2  4  0  0  0/0    22:58   5:47   3:40 
Jay Harrison             0  0  0   0  2   0  3  1  0  0  0/0    10:40   0:10   0:00 
Jiri Tlusty              0  0  0   0  0   1  2  0  0  0  1/6    11:55   0:00   3:09 
Mathieu Perreault        0  0  0   0  0   2  0  0  0  0  8/13    8:46   0:00   0:00 
Matt Stajan              0  1  1   1  0   1  1  1  0  0  19/38  25:00   5:58   5:20 
Mike Green               0  1  1   1  4   2  1  2  0  0  0/0    22:27   5:47   2:33 
Morgan Rielly            0  0  0   0  0   0  0  0  0  0  0/0    12:00   0:00   3:38 
Nate Guenin              0  1  1   1  7   1  3  2  0  0  0/0    15:07   0:00   3:47 
Ryan McDonagh            1  1  2   2  4   5  0  0  0  0  0/0    26:13   6:16   2:34 
Ryane Clowe              0  0  0   1  0   0  2  0  0  0  1/1    19:40   5:58   0:00 
Taylor Hall              1  1  2   1  0   4  0  0  0  0  1/2    25:20   6:06   5:32 
Tomas Fleischmann        0  0  0   0  0   0  0  0  0  0  0/0     9:39   5:58   0:00 

Players Stats for Panthers

Player Name              G  A  P  +/- PIM S  H  SB GA TA FO     MP     PP MP  PK MP  
------------------------------------------------------------------------------------
Clarke MacArthur         0  0  0  -1  0   1  2  0  0  0  0/1    12:44   0:00   0:50 
Danny DeKeyser           0  0  0  -1  0   3  1  0  0  0  0/0    24:13   4:10   6:02 
David Backes             0  2  2  -2  4   3  5  0  0  0  19/34  21:58   4:40   1:42 
Hampus Lindholm          2  0  2  -2  2   4  3  0  0  0  0/0    14:59   4:29   0:22 
Henrik Zetterberg        0  1  1  -2  0   4  0  1  0  0  1/3    23:09   4:40   2:51 
Jonathan Huberdeau       0  0  0   0  0   0  0  0  0  0  0/0     2:13   0:00   0:03 
Kyle Turris              0  0  0  -1  0   2  1  0  0  0  13/22  15:53   3:59   0:00 
Lauri Korpikoski         0  0  0   0  0   0  5  0  0  0  0/1    17:36   0:00   8:00 
Marcel Goc               0  0  0   0  0   0  0  0  0  0  6/19   10:32   0:00   8:22 
Matt Carle               0  0  0  -1  0   0  0  0  0  0  0/0    16:47   0:00   6:31 
Matt Niskanen            0  1  1  -1  4   1  1  0  0  0  0/0    19:49   4:29   0:00 
Nathan MacKinnon         0  0  0  -1  0   0  0  0  0  0  7/14    9:50   0:00   0:00 
Niklas Hjalmarsson       0  0  0  -1  0   2  0  4  0  0  0/0    21:42   0:00   6:19 
Patric Hornqvist         0  1  1   0  0   4  0  0  0  0  1/1    15:53   3:59   2:18 
Rick Nash                0  0  0  -1  0   3  0  0  0  0  1/1    20:04   4:40   0:00 
Rob Klinkhammer          0  0  0   0  0   0  1  0  0  0  0/0     2:10   0:00   0:00 
Shane Doan               1  0  1  -1  4   4  3  0  0  0  1/3    15:51   3:59   0:00 
T.J. Brodie              0  1  1   0  5   5  0  1  0  0  0/0    22:26   4:10   4:52 

3 Stars

1 - Alexander Semin (WSH)
2 - Alexander Ovechkin (WSH)
3 - Taylor Hall (WSH)

Power Play

Capitals - 2 on 7 Attempt(s) - 28.57%
Panthers - 3 on 6 Attempt(s) - 50.00%

Penalty Kill

Capitals - 3 on 6 Attempt(s) - 50.00% - Score 0 goal in Penalty Kill
Panthers - 5 on 7 Attempt(s) - 71.43% - Score 0 goal in Penalty Kill

Official

Referees : Paul Devorski and Kevin Pollock
Linesman : Darren Gibbs and Kiel Murchison

Game Notes

T.J. Brodie beats up Nate Guenin at 17:45 of 2nd period

Finance

Level 1 -- Attendance: 6000 (100.00%) -- Ticket Income $642,000
Level 2 -- Attendance: 4924 (98.48%) -- Ticket Income $379,148
Level 3 -- Attendance: 3167 (90.49%) -- Ticket Income $164,684
Level 4 -- Attendance: 3017 (80.45%) -- Ticket Income $75,425
Luxury Box -- Attendance: 1000 (100.00%) -- Ticket Income $200,000
Game was played at the BBT Center
Total Attendance: 18108 (94.07%)
Total Ticket Income: $1,461,257
Other Income: $219,189
Total Income: $1,680,446

% Time on Ice - Capitals

Lines # - Real PCT - Wanted PCT - Time Play
Normal Forward
1 - 33% - 36% - 12:55
2 - 35% - 33% - 13:42
3 - 22% - 16% - 8:46
4 - 9% - 15% - 3:41
Normal Defense
1 - 36% - 40% - 14:08
2 - 35% - 30% - 13:31
3 - 21% - 20% - 8:22
4 - 8% - 10% - 3:03
PP Forward
1 - 50% - 60% - 6:05
2 - 50% - 40% - 5:58
PP Defense
1 - 52% - 60% - 6:16
2 - 48% - 40% - 5:47
PK Forward
1 - 70% - 60% - 5:38
2 - 30% - 40% - 2:28
PK Defense
1 - 59% - 60% - 4:45
2 - 41% - 40% - 3:21
PK3 Forward
1 - 100% - 60% - 0:33
2 - 0% - 40% - 0:00
PK3 Defense
1 - 61% - 60% - 0:20
2 - 39% - 40% - 0:13
44 Forward
1 - 0% - 60%
2 - 0% - 40%
44 Defense
1 - 0% - 60%
2 - 0% - 40%
Last Minute Offensive  - 0:00
Last Minute Defensive  - 0:14
Total
Forward - 60:00
Defense - 60:00

% Time on Ice - Panthers

Lines # - Real PCT - Wanted PCT - Time Play
Normal Forward
1 - 39% - 40% - 15:24
2 - 30% - 32% - 11:54
3 - 25% - 23% - 9:36
4 - 6% - 5% - 2:10
Normal Defense
1 - 36% - 40% - 14:01
2 - 38% - 40% - 14:47
3 - 25% - 20% - 9:55
4 - 1% - 0% - 0:21
PP Forward
1 - 54% - 60% - 4:40
2 - 46% - 40% - 3:59
PP Defense
1 - 52% - 60% - 4:29
2 - 48% - 40% - 4:10
PK Forward
1 - 76% - 65% - 9:12
2 - 24% - 35% - 2:51
PK Defense
1 - 48% - 60% - 5:50
2 - 52% - 40% - 6:13
PK3 Forward
1 - 0% - 65%
2 - 0% - 35%
PK3 Defense
1 - 0% - 60%
2 - 0% - 40%
44 Forward
1 - 0% - 60%
2 - 0% - 40%
44 Defense
1 - 0% - 60%
2 - 0% - 40%
Last Minute Offensive  - 0:14
Last Minute Defensive  - 0:00
Total
Forward - 60:00
Defense - 60:00

Play by Play

1st period


0:01 of 1st period - David Backes wins face-off versus David Desharnais in neutral zone.
0:43 of 1st period - Alexander Ovechkin is hit by Danny DeKeyser and loses puck.
0:57 of 1st period - Icing by Mike Green.
0:58 of 1st period - David Desharnais wins face-off versus Clarke MacArthur in Capitals zone.
1:41 of 1st period - Shot by Matt Stajan.
1:41 of 1st period - Stopped by Ben Bishop without a rebound.
1:42 of 1st period - Mathieu Perreault wins face-off versus Nathan MacKinnon in Panthers zone.
1:45 of 1st period - Shot by Jiri Tlusty.
1:45 of 1st period - Deflect By Mathieu Perreault.
1:45 of 1st period - Stopped by Ben Bishop without a rebound.
1:46 of 1st period - Mathieu Perreault wins face-off versus Nathan MacKinnon in Panthers zone.
1:47 of 1st period - Shot by Cody Eakin.
1:47 of 1st period - Shot Misses the Net.
1:55 of 1st period - Shot by Patric Hornqvist.
1:55 of 1st period - Shot Misses the Net.
1:57 of 1st period - Shot by Hampus Lindholm.
1:57 of 1st period - Shot Misses the Net.
1:59 of 1st period - Shot by Lauri Korpikoski.
1:59 of 1st period - Deflect By Patric Hornqvist.
1:59 of 1st period - Stopped by Jimmy Howard with a rebound.
2:15 of 1st period - Shot by Patric Hornqvist.
2:15 of 1st period - Stopped by Jimmy Howard without a rebound.
2:16 of 1st period - Daniel Briere wins face-off versus Marcel Goc in Capitals zone.
2:16 of 1st period - Daniel Briere is hit by Rob Klinkhammer.
2:29 of 1st period - Jonathan Huberdeau is hit by Corey Potter and loses puck.
4:02 of 1st period - Icing by Nate Guenin.
4:03 of 1st period - Matt Stajan wins face-off versus Kyle Turris in Capitals zone.
4:10 of 1st period - Shot by Matt Stajan.
4:10 of 1st period - Shot Misses the Net.
4:21 of 1st period - Icing by Taylor Hall.
4:22 of 1st period - Nathan MacKinnon wins face-off versus Matt Stajan in Capitals zone.
4:31 of 1st period - T.J. Brodie is hit by Ryane Clowe and loses puck.
4:46 of 1st period - Shot by Nathan MacKinnon.
4:46 of 1st period - Deflect By Patric Hornqvist.
4:46 of 1st period - Shot Hit the Post.
5:15 of 1st period - Icing by Ryan McDonagh.
5:16 of 1st period - Mathieu Perreault wins face-off versus Kyle Turris in Capitals zone.
5:16 of 1st period - Mathieu Perreault is hit by Clarke MacArthur.
5:45 of 1st period - Icing by Jay Harrison.
5:46 of 1st period - David Backes wins face-off versus David Desharnais in Capitals zone.
6:07 of 1st period - Shot by Alexander Semin.
6:07 of 1st period - Stopped by Ben Bishop without a rebound.
6:08 of 1st period - Kyle Turris wins face-off versus Matt Stajan in Panthers zone.
6:39 of 1st period - Shot by Matt Stajan.
6:39 of 1st period - Deflect By Taylor Hall.
6:39 of 1st period - Shot Misses the Net.
6:41 of 1st period - Shot by Matt Stajan.
6:41 of 1st period - Shot Misses the Net.
7:08 of 1st period - Icing by Dmitri Orlov.
7:09 of 1st period - Matt Stajan wins face-off versus Nathan MacKinnon in Capitals zone.
7:13 of 1st period - Dmitri Orlov is hit by Lauri Korpikoski and loses puck.
8:19 of 1st period - Minor Penalty to Ryan McDonagh for Tripping.
8:20 of 1st period - David Backes wins face-off versus Taylor Hall in Capitals zone.
8:31 of 1st period - Shot by T.J. Brodie.
8:31 of 1st period - Shot Blocked by Nate Guenin.
8:43 of 1st period - Shot by Danny DeKeyser.
8:43 of 1st period - Stopped by Jimmy Howard without a rebound.
8:44 of 1st period - Kyle Turris wins face-off versus Matt Stajan in Capitals zone.
9:41 of 1st period - Off-side.
9:42 of 1st period - David Backes wins face-off versus Matt Stajan in neutral zone.
10:13 of 1st period - Shot by T.J. Brodie.
10:13 of 1st period - Stopped by Jimmy Howard with a rebound.
10:39 of 1st period - Minor Penalty to Jay Harrison for Hooking.
10:40 of 1st period - Jiri Tlusty wins face-off versus Shane Doan in Capitals zone.
11:13 of 1st period - Ryan McDonagh is hit by Shane Doan and loses puck.
11:38 of 1st period - Shot by David Backes.
11:38 of 1st period - Stopped by Jimmy Howard without a rebound.
11:39 of 1st period - David Backes wins face-off versus Jiri Tlusty in Capitals zone.
11:52 of 1st period - Shot by Matt Niskanen.
11:52 of 1st period - Shot Blocked by Dmitri Orlov.
11:56 of 1st period - Shot by David Backes.
11:56 of 1st period - Shot Misses the Net.
11:58 of 1st period - Shot by Hampus Lindholm.
11:58 of 1st period - Stopped by Jimmy Howard without a rebound.
11:59 of 1st period - Kyle Turris wins face-off versus Jiri Tlusty in Capitals zone.
12:01 of 1st period - Patric Hornqvist is hit by Dmitri Orlov and loses puck.
12:05 of 1st period - Minor Penalty to Mike Green for Roughing.
12:06 of 1st period - Matt Stajan wins face-off versus Henrik Zetterberg in Capitals zone.
12:17 of 1st period - Shot by Henrik Zetterberg.
12:17 of 1st period - Shot Misses the Net.
13:14 of 1st period - Dmitri Orlov is hit by Kyle Turris and loses puck.
13:27 of 1st period - Shot by Kyle Turris.
13:27 of 1st period - Shot Misses the Net.
13:29 of 1st period - Shot by Hampus Lindholm.
13:29 of 1st period - Shot Misses the Net.
13:31 of 1st period - Shot by Shane Doan.
13:31 of 1st period - Stopped by Jimmy Howard without a rebound.
13:32 of 1st period - David Backes wins face-off versus Jiri Tlusty in Capitals zone.
14:10 of 1st period - Alexander Semin is hit by Hampus Lindholm and loses puck.
14:11 of 1st period - Minor Penalty to Hampus Lindholm for Roughing.
14:12 of 1st period - Marcel Goc wins face-off versus David Desharnais in Panthers zone.
14:48 of 1st period - Shot by Alexander Ovechkin.
14:48 of 1st period - Stopped by Ben Bishop with a rebound.
15:26 of 1st period - Off-side.
15:27 of 1st period - Matt Stajan wins face-off versus Marcel Goc in neutral zone.
15:32 of 1st period - Shot by Ryan McDonagh.
15:32 of 1st period - Stopped by Ben Bishop without a rebound.
15:33 of 1st period - Matt Stajan wins face-off versus Marcel Goc in Panthers zone.
15:59 of 1st period - Icing by Tomas Fleischmann.
16:00 of 1st period - Marcel Goc wins face-off versus Matt Stajan in Capitals zone.
16:05 of 1st period - Shot by Danny DeKeyser.
16:05 of 1st period - Stopped by Jimmy Howard without a rebound.
16:06 of 1st period - David Desharnais wins face-off versus Marcel Goc in Capitals zone.
16:25 of 1st period - Shot by Henrik Zetterberg.
16:25 of 1st period - Stopped by Jimmy Howard without a rebound.
16:26 of 1st period - Kyle Turris wins face-off versus David Desharnais in Capitals zone.
16:30 of 1st period - Minor Penalty to Ryan McDonagh for Hooking.
16:31 of 1st period - David Backes wins face-off versus Matt Stajan in Capitals zone.
17:02 of 1st period - Shot by David Backes.
17:02 of 1st period - Shot Misses the Net.
17:04 of 1st period - Shot by Matt Niskanen.
17:04 of 1st period - Shot Misses the Net.
17:10 of 1st period - Shot by David Backes.
17:10 of 1st period - Shot Hit the Post.
17:26 of 1st period - Shot by T.J. Brodie.
17:26 of 1st period - Shot Misses the Net.
17:28 of 1st period - Shot by Patric Hornqvist.
17:28 of 1st period - Shot Misses the Net.
17:30 of 1st period - Shot by T.J. Brodie.
17:30 of 1st period - Stopped by Jimmy Howard without a rebound.
17:31 of 1st period - Kyle Turris wins face-off versus Matt Stajan in Capitals zone.
17:34 of 1st period - Shot by Patric Hornqvist.
17:34 of 1st period - Stopped by Jimmy Howard without a rebound.
17:35 of 1st period - Kyle Turris wins face-off versus Matt Stajan in Capitals zone.
17:46 of 1st period - Shot by Danny DeKeyser.
17:46 of 1st period - Shot Blocked by Dmitri Orlov.
17:48 of 1st period - Shot by Shane Doan.
17:48 of 1st period - Shot Blocked by Dmitri Orlov.
17:50 of 1st period - Shot by T.J. Brodie.
17:50 of 1st period - Shot Misses the Net.
17:52 of 1st period - Shot by Danny DeKeyser.
17:52 of 1st period - Shot Blocked by Mike Green.
18:00 of 1st period - Shot by T.J. Brodie.
18:00 of 1st period - Stopped by Jimmy Howard with a rebound.
18:02 of 1st period - Shot by Danny DeKeyser.
18:02 of 1st period - Shot Misses the Net.
18:04 of 1st period - Shot by T.J. Brodie.
18:04 of 1st period - Stopped by Jimmy Howard without a rebound.
18:05 of 1st period - Henrik Zetterberg wins face-off versus Matt Stajan in Capitals zone.
18:18 of 1st period - Shot by Hampus Lindholm.
18:18 of 1st period - Stopped by Jimmy Howard without a rebound.
18:19 of 1st period - David Backes wins face-off versus Jiri Tlusty in Capitals zone.
18:22 of 1st period - Shot by Hampus Lindholm.
18:22 of 1st period - Goal by Hampus Lindholm - Capitals : 0 - Panthers : 1.
18:23 of 1st period - David Backes wins face-off versus David Desharnais in neutral zone.
19:20 of 1st period - Minor Penalty to Nate Guenin for Interference.
19:21 of 1st period - Matt Stajan wins face-off versus Kyle Turris in Capitals zone.
19:54 of 1st period - Shot by Matt Niskanen.
19:54 of 1st period - Stopped by Jimmy Howard without a rebound.
19:55 of 1st period - David Backes wins face-off versus Jiri Tlusty in Capitals zone.
Goals for this period are 0 for Capitals vs 1 for Panthers.
Shots for this period are 5 for Capitals vs 16 for Panthers.

2nd period


0:01 of 2nd period - Matt Stajan wins face-off versus David Backes in neutral zone.
0:16 of 2nd period - Shot by David Backes.
0:16 of 2nd period - Deflect By Rick Nash.
0:16 of 2nd period - Stopped by Jimmy Howard without a rebound.
0:17 of 2nd period - Kyle Turris wins face-off versus Matt Stajan in Capitals zone.
0:24 of 2nd period - Shot by Patric Hornqvist.
0:24 of 2nd period - Shot Blocked by Mike Green.
0:26 of 2nd period - Shot by T.J. Brodie.
0:26 of 2nd period - Shot Blocked by Dmitri Orlov.
0:28 of 2nd period - Shot by Kyle Turris.
0:28 of 2nd period - Shot Misses the Net.
0:30 of 2nd period - Shot by T.J. Brodie.
0:30 of 2nd period - Stopped by Jimmy Howard with a rebound.
0:32 of 2nd period - Shot by Patric Hornqvist.
0:32 of 2nd period - Deflect By Shane Doan.
0:32 of 2nd period - Goal by Shane Doan - Capitals : 0 - Panthers : 2.
0:33 of 2nd period - David Backes wins face-off versus David Desharnais in neutral zone.
0:38 of 2nd period - Shot by David Backes.
0:38 of 2nd period - Stopped by Jimmy Howard without a rebound.
0:39 of 2nd period - David Desharnais wins face-off versus David Backes in Capitals zone.
0:50 of 2nd period - Shot by Alexander Semin.
0:50 of 2nd period - Stopped by Ben Bishop without a rebound.
0:51 of 2nd period - Matt Stajan wins face-off versus Kyle Turris in Panthers zone.
1:00 of 2nd period - Shot by Danny DeKeyser.
1:00 of 2nd period - Shot Blocked by Nate Guenin.
1:02 of 2nd period - Shot by Niklas Hjalmarsson.
1:02 of 2nd period - Stopped by Jimmy Howard without a rebound.
1:03 of 2nd period - David Backes wins face-off versus David Desharnais in Capitals zone.
1:47 of 2nd period - Alexander Semin is hit by David Backes and loses puck.
2:06 of 2nd period - Off-side.
2:07 of 2nd period - Matt Stajan wins face-off versus Nathan MacKinnon in neutral zone.
2:47 of 2nd period - Icing by Taylor Hall.
2:48 of 2nd period - Matt Stajan wins face-off versus Shane Doan in Capitals zone.
3:47 of 2nd period - Shot by Jiri Tlusty.
3:47 of 2nd period - Shot Misses the Net.
3:53 of 2nd period - Shot by Cody Eakin.
3:53 of 2nd period - Shot Misses the Net.
3:55 of 2nd period - Shot by Mathieu Perreault.
3:55 of 2nd period - Stopped by Ben Bishop without a rebound.
3:56 of 2nd period - Nathan MacKinnon wins face-off versus David Desharnais in Panthers zone.
4:23 of 2nd period - Shot by Patric Hornqvist.
4:23 of 2nd period - Stopped by Jimmy Howard with a rebound.
4:26 of 2nd period - Icing by Ryan McDonagh.
4:27 of 2nd period - David Backes wins face-off versus Alexander Ovechkin in Capitals zone.
4:51 of 2nd period - Minor Penalty to David Backes for Hooking.
4:52 of 2nd period - Marcel Goc wins face-off versus Matt Stajan in Panthers zone.
5:30 of 2nd period - Shot by Taylor Hall.
5:30 of 2nd period - Shot Blocked by Niklas Hjalmarsson.
6:09 of 2nd period - Icing by Mike Green.
6:10 of 2nd period - Patric Hornqvist wins face-off versus David Desharnais in Capitals zone.
6:27 of 2nd period - Shot by Mike Green.
6:27 of 2nd period - Shot Misses the Net.
6:35 of 2nd period - Shot by Mike Green.
6:35 of 2nd period - Stopped by Ben Bishop without a rebound.
6:36 of 2nd period - David Desharnais wins face-off versus Marcel Goc in Panthers zone.
6:39 of 2nd period - Shot by Alexander Ovechkin.
6:39 of 2nd period - Stopped by Ben Bishop without a rebound.
6:40 of 2nd period - David Desharnais wins face-off versus Lauri Korpikoski in Panthers zone.
6:41 of 2nd period - Shot by Mike Green.
6:41 of 2nd period - Stopped by Ben Bishop without a rebound.
6:42 of 2nd period - David Desharnais wins face-off versus Marcel Goc in Panthers zone.
6:55 of 2nd period - Matt Niskanen is hit by Cody Eakin and loses puck.
7:04 of 2nd period - Shot by David Backes.
7:04 of 2nd period - Stopped by Jimmy Howard without a rebound.
7:05 of 2nd period - Matt Stajan wins face-off versus Kyle Turris in Capitals zone.
7:05 of 2nd period - Matt Stajan is hit by Shane Doan.
7:13 of 2nd period - Matt Stajan is hit by Clarke MacArthur and loses puck.
7:17 of 2nd period - Minor Penalty to Shane Doan for Roughing.
7:18 of 2nd period - David Desharnais wins face-off versus Marcel Goc in Panthers zone.
7:56 of 2nd period - Shot by David Desharnais.
7:56 of 2nd period - Shot Misses the Net.
7:58 of 2nd period - Shot by Taylor Hall.
7:58 of 2nd period - Shot Misses the Net.
8:28 of 2nd period - Shot by David Backes.
8:28 of 2nd period - Shot Misses the Net.
9:16 of 2nd period - Shot by Alexander Semin.
9:16 of 2nd period - Shot Blocked by T.J. Brodie.
9:51 of 2nd period - Shot by Shane Doan.
9:51 of 2nd period - Shot Misses the Net.
9:53 of 2nd period - Shot by Clarke MacArthur.
9:53 of 2nd period - Shot Misses the Net.
9:55 of 2nd period - Shot by Matt Niskanen.
9:55 of 2nd period - Shot Blocked by Jay Harrison.
10:30 of 2nd period - Shot by Nate Guenin.
10:30 of 2nd period - Stopped by Ben Bishop without a rebound.
10:31 of 2nd period - Nathan MacKinnon wins face-off versus Matt Stajan in Panthers zone.
10:31 of 2nd period - Nathan MacKinnon is hit by Ryane Clowe.
11:01 of 2nd period - Patric Hornqvist is hit by Matt Stajan and loses puck.
11:44 of 2nd period - Shot by Alexander Ovechkin.
11:44 of 2nd period - Deflect By Alexander Semin.
11:44 of 2nd period - Goal by Alexander Semin - Capitals : 1 - Panthers : 2.
11:45 of 2nd period - David Backes wins face-off versus Mathieu Perreault in neutral zone.
12:00 of 2nd period - Shot by Henrik Zetterberg.
12:00 of 2nd period - Stopped by Jimmy Howard without a rebound.
12:01 of 2nd period - David Desharnais wins face-off versus Kyle Turris in Capitals zone.
12:01 of 2nd period - Nate Guenin is hit by Shane Doan and loses puck.
12:21 of 2nd period - Minor Penalty to Shane Doan for Roughing.
12:22 of 2nd period - Matt Stajan wins face-off versus Marcel Goc in Panthers zone.
12:23 of 2nd period - Shot by Taylor Hall.
12:23 of 2nd period - Shot Misses the Net.
12:47 of 2nd period - Shot by Ryan McDonagh.
12:47 of 2nd period - Stopped by Ben Bishop without a rebound.
12:48 of 2nd period - David Desharnais wins face-off versus Marcel Goc in Panthers zone.
13:43 of 2nd period - Icing by Mike Green.
13:44 of 2nd period - David Desharnais wins face-off versus David Backes in Capitals zone.
14:13 of 2nd period - Shot by Ryan McDonagh.
14:13 of 2nd period - Shot Misses the Net.
14:15 of 2nd period - Shot by Tomas Fleischmann.
14:15 of 2nd period - Shot Misses the Net.
14:17 of 2nd period - Shot by Ryan McDonagh.
14:17 of 2nd period - Stopped by Ben Bishop without a rebound.
14:18 of 2nd period - Matt Stajan wins face-off versus David Backes in Panthers zone.
14:19 of 2nd period - Shot by Taylor Hall.
14:19 of 2nd period - Goal by Taylor Hall - Capitals : 2 - Panthers : 2.
14:20 of 2nd period - Mathieu Perreault wins face-off versus David Backes in neutral zone.
14:39 of 2nd period - Shot by David Backes.
14:39 of 2nd period - Deflect By Henrik Zetterberg.
14:39 of 2nd period - Stopped by Jimmy Howard without a rebound.
14:40 of 2nd period - Kyle Turris wins face-off versus Matt Stajan in Capitals zone.
14:41 of 2nd period - Shot by Clarke MacArthur.
14:41 of 2nd period - Stopped by Jimmy Howard without a rebound.
14:42 of 2nd period - David Backes wins face-off versus Matt Stajan in Capitals zone.
14:46 of 2nd period - Icing by Mike Green.
14:47 of 2nd period - Matt Stajan wins face-off versus David Backes in Capitals zone.
15:15 of 2nd period - Shot by Rick Nash.
15:15 of 2nd period - Stopped by Jimmy Howard without a rebound.
15:16 of 2nd period - Kyle Turris wins face-off versus David Desharnais in Capitals zone.
15:21 of 2nd period - Shot by Kyle Turris.
15:21 of 2nd period - Stopped by Jimmy Howard without a rebound.
15:22 of 2nd period - Kyle Turris wins face-off versus David Desharnais in Capitals zone.
15:39 of 2nd period - Shot by David Desharnais.
15:39 of 2nd period - Shot Misses the Net.
16:02 of 2nd period - Shot by Alexander Ovechkin.
16:02 of 2nd period - Shot Misses the Net.
16:04 of 2nd period - Shot by Alexander Ovechkin.
16:04 of 2nd period - Stopped by Ben Bishop without a rebound.
16:05 of 2nd period - Matt Stajan wins face-off versus David Backes in Panthers zone.
16:34 of 2nd period - Shot by Mike Green.
16:34 of 2nd period - Shot Blocked by Niklas Hjalmarsson.
16:36 of 2nd period - Shot by Ryan McDonagh.
16:36 of 2nd period - Goal by Ryan McDonagh - Capitals : 3 - Panthers : 2.
16:37 of 2nd period - Mathieu Perreault wins face-off versus Nathan MacKinnon in neutral zone.
16:37 of 2nd period - Morgan Rielly is hit by Lauri Korpikoski.
17:02 of 2nd period - Icing by Nathan MacKinnon.
17:03 of 2nd period - David Desharnais wins face-off versus Nathan MacKinnon in Panthers zone.
17:03 of 2nd period - Alexander Ovechkin is hit by Hampus Lindholm and loses puck.
17:12 of 2nd period - Patric Hornqvist is hit by David Desharnais and loses puck.
17:44 of 2nd period - Shot by Alexander Ovechkin.
17:44 of 2nd period - Stopped by Ben Bishop without a rebound.
17:45 of 2nd period - Matt Stajan wins face-off versus David Backes in Panthers zone.
17:45 of 2nd period - T.J. Brodie beats up Nate Guenin.
17:45 of 2nd period - Penalty to T.J. Brodie for Fighting.
17:45 of 2nd period - Penalty to Nate Guenin for Fighting.
17:46 of 2nd period - Taylor Hall wins face-off versus David Backes in Panthers zone.
17:46 of 2nd period - Jay Harrison is hit by Matt Niskanen and loses puck.
18:05 of 2nd period - Shot by Henrik Zetterberg.
18:05 of 2nd period - Shot Misses the Net.
18:06 of 2nd period - Minor Penalty to David Backes for Hooking.
18:07 of 2nd period - David Desharnais wins face-off versus Marcel Goc in Panthers zone.
18:32 of 2nd period - Shot by Alexander Ovechkin.
18:32 of 2nd period - Shot Hit the Post.
18:34 of 2nd period - Shot by David Desharnais.
18:34 of 2nd period - Shot Misses the Net.
18:36 of 2nd period - Shot by David Desharnais.
18:36 of 2nd period - Shot Misses the Net.
18:38 of 2nd period - Shot by Alexander Ovechkin.
18:38 of 2nd period - Stopped by Ben Bishop without a rebound.
18:39 of 2nd period - Marcel Goc wins face-off versus Matt Stajan in Panthers zone.
18:50 of 2nd period - Shot by Dmitri Orlov.
18:50 of 2nd period - Shot Blocked by Niklas Hjalmarsson.
19:23 of 2nd period - Shot by Ryane Clowe.
19:23 of 2nd period - Shot Misses the Net.
19:58 of 2nd period - Icing by Ryan McDonagh.
19:59 of 2nd period - David Desharnais wins face-off versus Marcel Goc in Capitals zone.
Goals for this period are 3 for Capitals vs 1 for Panthers.
Shots for this period are 14 for Capitals vs 12 for Panthers.

3rd period


0:01 of 3rd period - David Desharnais wins face-off versus Marcel Goc in neutral zone.
0:34 of 3rd period - Icing by Matt Niskanen.
0:35 of 3rd period - Alexander Ovechkin wins face-off versus Henrik Zetterberg in Panthers zone.
0:58 of 3rd period - Shot by Henrik Zetterberg.
0:58 of 3rd period - Shot Misses the Net.
1:14 of 3rd period - Shot by Clarke MacArthur.
1:14 of 3rd period - Shot Misses the Net.
1:20 of 3rd period - Shot by Kyle Turris.
1:20 of 3rd period - Stopped by Jimmy Howard without a rebound.
1:21 of 3rd period - Matt Stajan wins face-off versus Nathan MacKinnon in Capitals zone.
1:21 of 3rd period - Matt Stajan is hit by Lauri Korpikoski.
1:51 of 3rd period - Shot by Taylor Hall.
1:51 of 3rd period - Stopped by Ben Bishop without a rebound.
1:52 of 3rd period - Kyle Turris wins face-off versus Mathieu Perreault in Panthers zone.
1:52 of 3rd period - Kyle Turris is hit by Jiri Tlusty.
2:51 of 3rd period - Niklas Hjalmarsson is hit by Jay Harrison and loses puck.
3:47 of 3rd period - David Backes is hit by Mike Green.
3:55 of 3rd period - Shot by David Backes.
3:55 of 3rd period - Shot Misses the Net.
4:13 of 3rd period - Shot by David Backes.
4:13 of 3rd period - Deflect By Rick Nash.
4:13 of 3rd period - Stopped by Jimmy Howard without a rebound.
4:14 of 3rd period - Nathan MacKinnon wins face-off versus Mathieu Perreault in Capitals zone.
4:14 of 3rd period - Hampus Lindholm is hit by Nate Guenin and loses puck.
4:35 of 3rd period - Shot by Jiri Tlusty.
4:35 of 3rd period - Stopped by Ben Bishop with a rebound.
4:40 of 3rd period - Matt Carle is hit by Nate Guenin and loses puck.
6:42 of 3rd period - Shot by Shane Doan.
6:42 of 3rd period - Stopped by Jimmy Howard without a rebound.
6:43 of 3rd period - Nathan MacKinnon wins face-off versus Daniel Briere in Capitals zone.
7:31 of 3rd period - Icing by Daniel Briere.
7:32 of 3rd period - Daniel Briere wins face-off versus David Backes in Capitals zone.
7:32 of 3rd period - Alexander Ovechkin is hit by David Backes.
8:07 of 3rd period - Shot by Henrik Zetterberg.
8:07 of 3rd period - Stopped by Jimmy Howard without a rebound.
8:08 of 3rd period - Mathieu Perreault wins face-off versus Kyle Turris in Capitals zone.
8:18 of 3rd period - Mathieu Perreault is hit by Hampus Lindholm.
9:10 of 3rd period - Icing by Taylor Hall.
9:11 of 3rd period - David Backes wins face-off versus Matt Stajan in Capitals zone.
9:11 of 3rd period - Henrik Zetterberg is hit by Nate Guenin and loses puck.
9:43 of 3rd period - Rick Nash is hit by Dmitri Orlov and loses puck.
10:30 of 3rd period - Shot by Patric Hornqvist.
10:30 of 3rd period - Shot Hit the Post.
10:44 of 3rd period - Shot by Alexander Ovechkin.
10:44 of 3rd period - Shot Misses the Net.
11:07 of 3rd period - Icing by Matt Carle.
11:08 of 3rd period - Mathieu Perreault wins face-off versus Kyle Turris in Panthers zone.
11:12 of 3rd period - Icing by Matt Carle.
11:13 of 3rd period - Kyle Turris wins face-off versus Mathieu Perreault in Panthers zone.
11:13 of 3rd period - Kyle Turris is hit by Jiri Tlusty.
11:18 of 3rd period - Hampus Lindholm is hit by Jay Harrison and loses puck.
11:23 of 3rd period - Shot by Kyle Turris.
11:23 of 3rd period - Shot Misses the Net.
11:25 of 3rd period - Shot by Kyle Turris.
11:25 of 3rd period - Shot Misses the Net.
11:27 of 3rd period - Shot by Kyle Turris.
11:27 of 3rd period - Deflect By Shane Doan.
11:27 of 3rd period - The goal is going for a video replay.
11:27 of 3rd period - The goal is refused.
11:28 of 3rd period - David Backes wins face-off versus Matt Stajan in Capitals zone.
11:47 of 3rd period - Shot by Niklas Hjalmarsson.
11:47 of 3rd period - Shot Misses the Net.
12:01 of 3rd period - Shot by Nate Guenin.
12:01 of 3rd period - Shot Misses the Net.
12:07 of 3rd period - Ryane Clowe is hit by David Backes and loses puck.
12:30 of 3rd period - Minor Penalty to Matt Niskanen for Hooking.
12:31 of 3rd period - Marcel Goc wins face-off versus David Desharnais in Panthers zone.
12:40 of 3rd period - Shot by Alexander Ovechkin.
12:40 of 3rd period - Goal by Alexander Ovechkin - Capitals : 4 - Panthers : 2.
12:41 of 3rd period - Shane Doan wins face-off versus David Desharnais in neutral zone.
12:51 of 3rd period - Off-side.
12:52 of 3rd period - Nathan MacKinnon wins face-off versus Daniel Briere in neutral zone.
13:00 of 3rd period - Icing by Ryan McDonagh.
13:01 of 3rd period - David Backes wins face-off versus Daniel Briere in Capitals zone.
13:02 of 3rd period - Shot by Danny DeKeyser.
13:02 of 3rd period - Stopped by Jimmy Howard without a rebound.
13:03 of 3rd period - David Desharnais wins face-off versus David Backes in Capitals zone.
13:03 of 3rd period - David Desharnais is hit by David Backes.
13:52 of 3rd period - Icing by Danny DeKeyser.
13:53 of 3rd period - Matt Stajan wins face-off versus David Backes in Panthers zone.
13:54 of 3rd period - Shot by Taylor Hall.
13:54 of 3rd period - Stopped by Ben Bishop without a rebound.
13:55 of 3rd period - Kyle Turris wins face-off versus Matt Stajan in Panthers zone.
14:26 of 3rd period - Clarke MacArthur is hit by Jay Harrison and loses puck.
14:41 of 3rd period - Shot by Clarke MacArthur.
14:41 of 3rd period - Shot Blocked by Matt Stajan.
14:54 of 3rd period - Matt Stajan is hit by Lauri Korpikoski and loses puck.
15:16 of 3rd period - Off-side.
15:17 of 3rd period - Alexander Ovechkin wins face-off versus David Backes in neutral zone.
15:32 of 3rd period - Shot by Alexander Ovechkin.
15:32 of 3rd period - Shot Blocked by Niklas Hjalmarsson.
15:44 of 3rd period - Shot by Tomas Fleischmann.
15:44 of 3rd period - Shot Misses the Net.
15:46 of 3rd period - Shot by Daniel Briere.
15:46 of 3rd period - Shot Blocked by Henrik Zetterberg.
15:48 of 3rd period - Shot by Tomas Fleischmann.
15:48 of 3rd period - Shot Misses the Net.
15:50 of 3rd period - Shot by Alexander Ovechkin.
15:50 of 3rd period - Stopped by Ben Bishop without a rebound.
15:51 of 3rd period - Mathieu Perreault wins face-off versus Kyle Turris in Panthers zone.
16:32 of 3rd period - Minor Penalty to Mike Green for Hooking.
16:33 of 3rd period - Rick Nash wins face-off versus Matt Stajan in Capitals zone.
16:39 of 3rd period - Shot by David Backes.
16:39 of 3rd period - Shot Misses the Net.
16:41 of 3rd period - Shot by Hampus Lindholm.
16:41 of 3rd period - Shot Misses the Net.
16:43 of 3rd period - Shot by Hampus Lindholm.
16:43 of 3rd period - Goal by Hampus Lindholm - Capitals : 4 - Panthers : 3.
16:44 of 3rd period - Nathan MacKinnon wins face-off versus Alexander Semin in neutral zone.
16:44 of 3rd period - Nathan MacKinnon is hit by Alexander Ovechkin.
17:10 of 3rd period - Shot by Niklas Hjalmarsson.
17:10 of 3rd period - Stopped by Jimmy Howard without a rebound.
17:11 of 3rd period - Matt Stajan wins face-off versus David Backes in Capitals zone.
17:13 of 3rd period - Icing by Taylor Hall.
17:14 of 3rd period - Ryane Clowe wins face-off versus David Backes in Capitals zone.
17:14 of 3rd period - Ryane Clowe is hit by David Backes.
17:35 of 3rd period - Shot by Taylor Hall.
17:35 of 3rd period - Stopped by Ben Bishop with a rebound.
17:44 of 3rd period - Minor Penalty to Matt Niskanen for Tripping.
17:45 of 3rd period - David Desharnais wins face-off versus Marcel Goc in Panthers zone.
17:58 of 3rd period - Shot by Ryan McDonagh.
17:58 of 3rd period - Stopped by Ben Bishop without a rebound.
17:59 of 3rd period - Marcel Goc wins face-off versus David Desharnais in Panthers zone.
18:04 of 3rd period - Dmitri Orlov is hit by Lauri Korpikoski and loses puck.
19:55 of 3rd period - Shot by Corey Potter.
19:55 of 3rd period - Shot Misses the Net.
19:57 of 3rd period - Shot by Alexander Semin.
19:57 of 3rd period - Goal by Alexander Semin - Capitals : 5 - Panthers : 3.
19:58 of 3rd period - David Backes wins face-off versus Mathieu Perreault in neutral zone.
Goals for this period are 2 for Capitals vs 1 for Panthers.
Shots for this period are 8 for Capitals vs 8 for Panthers.


Output by the SimonT Hockey Simulator (STHS) for Stephane Roy -- Original Page W3C XHTML 1.0 Valid
Hockey Simulator - Hockey Simulation - Hockey Manager